PAA
CASPER GHOSTS @ MINNESOTA LOONS
08/17/2034
 
TOP OF THE 1ST
Casper Ghosts batting - Pitching for Minnesota Loons : RHP Damien Morin
Pitching: RHP Damien Morin
Batting: LHB Ronald Anderson 0-0: Ball
1-0: Called Strike
1-1: Ball
2-1: TRIPLE (Flyball, 8LXD)
Batting: RHB Armando Pacheco 0-0: Swinging Strike
0-1: Foul Ball, location: 2F
0-2: Ball
1-2: Ground out 4-3 (Groundball, 4)
Ronald Anderson scores
Batting: LHB Marcus Shill 0-0: Ball
1-0: Ball
2-0: Ball
3-0: Base on Balls
Batting: LHB Badry Maksimenov 0-0: Ball
1-0: Ball
2-0: Called Strike
2-1: Ground out 4-3 (Groundball, 34)
Marcus Shill to second
Batting: RHB Jeff Mouton 0-0: Called Strike
0-1: Called Strike
0-2: Ball
1-2: Ball
2-2: Foul Ball, location: 2F
2-2: Strikes out swinging
Top of the 1st over - 1 run, 1 hit, 0 errors, 1 left on base; Casper 1 - Minnesota 0
BOTTOM OF THE 1ST
Minnesota Loons batting - Pitching for Casper Ghosts : RHP Roy Bell
Pitching: RHP Roy Bell
Batting: SHB Esteban Piñeiro 0-0: Bunted foul
0-1: SINGLE (Line Drive, 8RS)
Batting: RHB Héctor Espiga 0-0: Ball
1-0: Grounds into double play, 4-6-3 (Groundball, 4)
Batting: LHB Kevin de Bruyne 0-0: Ball
1-0: SINGLE (Groundball, 34D)
Batting: LHB Sergio Cruz 0-0: Fly out, F3 (Popup, 34S)
Bottom of the 1st over - 0 runs, 2 hits, 0 errors, 1 left on base; Casper 1 - Minnesota 0
TOP OF THE 2ND
Casper Ghosts batting - Pitching for Minnesota Loons : RHP Damien Morin
Batting: RHB Jur Prokop 0-0: SOLO HOME RUN (Flyball, 7LD), Distance : 338 ft
Batting: RHB Steve Weber 0-0: Called Strike
0-1: Ground out 5-3 (Groundball, 56)
Batting: RHB José Reyes 0-0: Ball
1-0: Fly out, F7 (Flyball, 78S)
Batting: RHB Tatsui Kiyomizu 0-0: Foul Ball, location: 2F
0-1: Ball
1-1: Fly out, F8 (Flyball, 89D)
Top of the 2nd over - 1 run, 1 hit, 0 errors, 0 left on base; Casper 2 - Minnesota 0
BOTTOM OF THE 2ND
Minnesota Loons batting - Pitching for Casper Ghosts : RHP Roy Bell
Batting: RHB Raúl Maradona 0-0: Ball
1-0: Ground out U3 (Groundball, 34)
Batting: RHB Augusto Manuel 0-0: Ball
1-0: Ball
2-0: Called Strike
2-1: Ball
3-1: Foul Ball, location: 2F
3-2: Foul Ball, location: 2F
3-2: SINGLE (Line Drive, 89M)
Batting: RHB Tabor Muzquiz 0-0: Ball
Pickoff Throw to First - Error! E1
Augusto Manuel to second
1-0: Ball
2-0: Ball
3-0: Base on Balls
Batting: RHB Curt Allen 0-0: Foul Ball, location: 2F
0-1: Ball
1-1: SINGLE (Groundball, 56) (infield hit)
Augusto Manuel to third
Tabor Muzquiz to second
Batting: LHB Atro Jarvilehto 0-0: Called Strike
0-1: Called Strike
0-2: Ball
1-2: Ball
2-2: Foul Ball, location: 2F
2-2: Reached on error, E6 (Groundball, 6)
Augusto Manuel scores
Tabor Muzquiz to third
Curt Allen to second
Batting: SHB Esteban Piñeiro 0-0: Fielders Choice at 2nd, 3-6 (Groundball, 3)
Tabor Muzquiz scores
Curt Allen to third
Batting: RHB Héctor Espiga 0-0: Ball
1-0: Fly out, F7 (Line Drive, 78D)
Bottom of the 2nd over - 2 runs, 2 hits, 2 errors, 2 left on base; Casper 2 - Minnesota 2
TOP OF THE 3RD
Casper Ghosts batting - Pitching for Minnesota Loons : RHP Damien Morin
Batting: LHB Ronald Anderson 0-0: Ball
1-0: DOUBLE (Flyball, 7LD)
Batting: RHB Armando Pacheco 0-0: Swinging Strike
0-1: Ball
1-1: Ball
2-1: Ball
3-1: Swinging Strike
3-2: Ground out 5-3 (Groundball, 25)
Ronald Anderson to third
Batting: LHB Marcus Shill 0-0: Ball
1-0: Foul Ball, location: 2F
1-1: Foul Ball, location: 2F
1-2: Strikes out looking
Batting: LHB Badry Maksimenov 0-0: Ball
1-0: Called Strike
1-1: Foul Ball, location: 2F
1-2: SINGLE (Line Drive, 34D)
Ronald Anderson scores
Batting: RHB Jeff Mouton 0-0: Ball
1-0: Swinging Strike
1-1: Called Strike
1-2: Fielders Choice at 2nd, 6-4 (Groundball, 56)
Top of the 3rd over - 1 run, 2 hits, 0 errors, 1 left on base; Casper 3 - Minnesota 2
BOTTOM OF THE 3RD
Minnesota Loons batting - Pitching for Casper Ghosts : RHP Roy Bell
Batting: LHB Kevin de Bruyne 0-0: Called Strike
0-1: Swinging Strike
0-2: Foul Ball, location: 2F
0-2: Fly out, F6 (Popup, 6M)
Batting: LHB Sergio Cruz 0-0: Ball
1-0: SINGLE (Groundball, 3D)
Batting: RHB Raúl Maradona 0-0: Ball
Wild Pitch!
Sergio Cruz to second
1-0: Ball
2-0: Called Strike
2-1: Fly out, F7 (Flyball, 7)
Batting: RHB Augusto Manuel 0-0: Called Strike
0-1: Ball
1-1: Ball
2-1: Ground out 6-3 (Groundball, 6)
Bottom of the 3rd over - 0 runs, 1 hit, 0 errors, 1 left on base; Casper 3 - Minnesota 2
TOP OF THE 4TH
Casper Ghosts batting - Pitching for Minnesota Loons : RHP Damien Morin
Batting: RHB Jur Prokop 0-0: Called Strike
0-1: Called Strike
0-2: Foul Ball, location: 2F
0-2: Strikes out swinging
Batting: RHB Steve Weber 0-0: Ball
1-0: Ball
2-0: Called Strike
2-1: Foul Ball, location: 2F
2-2: Ball
3-2: Foul Ball, location: 2F
3-2: SINGLE (Groundball, 4D)
Batting: RHB José Reyes 0-0: Ball
1-0: Grounds into double play, 5-4-3 (Groundball, 56)
Top of the 4th over - 0 runs, 1 hit, 0 errors, 0 left on base; Casper 3 - Minnesota 2
BOTTOM OF THE 4TH
Minnesota Loons batting - Pitching for Casper Ghosts : RHP Roy Bell
Batting: RHB Tabor Muzquiz 0-0: Ball
1-0: Ground out 5-3 (Groundball, 56)
Batting: RHB Curt Allen 0-0: Ball
1-0: Ball
2-0: Ball
3-0: Called Strike
3-1: Fly out, F4 (Line Drive, 4MD)
Batting: LHB Atro Jarvilehto 0-0: Ball
1-0: Ball
2-0: Ground out 6-3 (Groundball, 56)
Bottom of the 4th over - 0 runs, 0 hits, 0 errors, 0 left on base; Casper 3 - Minnesota 2
TOP OF THE 5TH
Casper Ghosts batting - Pitching for Minnesota Loons : RHP Damien Morin
Batting: RHB Tatsui Kiyomizu 0-0: Swinging Strike
0-1: Foul Ball, location: 2F
0-2: Ball
1-2: Ground out 5-3 (Groundball, 56S)
Batting: LHB Ronald Anderson 0-0: Fly out, F9 (Line Drive, 9D)
Batting: RHB Armando Pacheco 0-0: Ball
1-0: Ball
2-0: Called Strike
2-1: Ball
3-1: Ground out 5-3 (Groundball, 56)
Top of the 5th over - 0 runs, 0 hits, 0 errors, 0 left on base; Casper 3 - Minnesota 2
BOTTOM OF THE 5TH
Minnesota Loons batting - Pitching for Casper Ghosts : RHP Roy Bell
Batting: SHB Esteban Piñeiro 0-0: Ball
1-0: Fly out, F8 (Flyball, 8LD)
Batting: RHB Héctor Espiga 0-0: Called Strike
0-1: Ball
1-1: Ball
2-1: Called Strike
2-2: Foul Ball, location: 2F
2-2: Fly out, F9 (Line Drive, 89M)
Batting: LHB Kevin de Bruyne 0-0: Called Strike
0-1: Ball
1-1: Foul Ball, location: 2F
1-2: Foul Ball, location: 2F
1-2: Foul Ball, location: 2F
1-2: Ground out 4-3 (Groundball, 4M)
Bottom of the 5th over - 0 runs, 0 hits, 0 errors, 0 left on base; Casper 3 - Minnesota 2
TOP OF THE 6TH
Casper Ghosts batting - Pitching for Minnesota Loons : RHP Damien Morin
Batting: LHB Marcus Shill 0-0: Ball
1-0: Fly out, F9 (Flyball, 9S)
Batting: LHB Badry Maksimenov 0-0: Foul Ball, location: 2F
0-1: Ground out 4-3 (Groundball, 4)
Batting: RHB Jeff Mouton 0-0: Ball
1-0: Foul Ball, location: 2F
1-1: Called Strike
1-2: Ball
2-2: Fly out, F6 (Line Drive, 6)
Top of the 6th over - 0 runs, 0 hits, 0 errors, 0 left on base; Casper 3 - Minnesota 2
BOTTOM OF THE 6TH
Minnesota Loons batting - Pitching for Casper Ghosts : RHP Roy Bell
Batting: LHB Sergio Cruz 0-0: Ground out 4-3 (Groundball, 4)
Batting: RHB Raúl Maradona 0-0: Swinging Strike
0-1: Fly out, F4 (Line Drive, 4)
Batting: RHB Augusto Manuel 0-0: Ground out 5-3 (Groundball, 5)
Bottom of the 6th over - 0 runs, 0 hits, 0 errors, 0 left on base; Casper 3 - Minnesota 2
TOP OF THE 7TH
Casper Ghosts batting - Pitching for Minnesota Loons : RHP Damien Morin
Batting: RHB Jur Prokop 0-0: Ball
1-0: Ball
2-0: Called Strike
2-1: DOUBLE (Flyball, 8RXD)
Batting: RHB Steve Weber 0-0: Intentional Walk
Batting: RHB José Reyes 0-0: Ball
1-0: Called Strike
1-1: Foul Ball, location: 2F
1-2: Ball
2-2: Strikes out swinging
Batting: RHB Tatsui Kiyomizu 0-0: Foul Ball, location: 2F
0-1: Grounds into double play, 6-4-3 (Groundball, 6)
Top of the 7th over - 0 runs, 1 hit, 0 errors, 1 left on base; Casper 3 - Minnesota 2
BOTTOM OF THE 7TH
Minnesota Loons batting - Pitching for Casper Ghosts : RHP Roy Bell
Batting: RHB Tabor Muzquiz 0-0: Foul Ball, location: 2F
0-1: Ball
1-1: Ball
2-1: SINGLE (Line Drive, 7S)
Batting: RHB Curt Allen 0-0: Bunted foul
0-1: Ball
1-1: Ball
2-1: Ball
3-1: Sac Bunt - play at first, batter OUT! 2-4
Tabor Muzquiz to second
Pinch Hitting: LHB José Román 0-0: Foul Ball, location: 2F
0-1: Ball
1-1: Called Strike
1-2: Foul Ball, location: 2F
1-2: Strikes out looking
Batting: SHB Esteban Piñeiro 0-0: Ball
1-0: Called Strike
1-1: Ball
2-1: Ball
3-1: Base on Balls
Batting: RHB Héctor Espiga 0-0: Foul Ball, location: 2F
0-1: Ball
1-1: Called Strike
1-2: Ball
2-2: Foul Ball, location: 2F
2-2: Ball
3-2: Base on Balls
Tabor Muzquiz to third
Esteban Piñeiro to second
Batting: LHB Kevin de Bruyne 0-0: Ball
1-0: Fielders Choice at 2nd, 5-4 (Groundball, 56)
Bottom of the 7th over - 0 runs, 1 hit, 0 errors, 3 left on base; Casper 3 - Minnesota 2
TOP OF THE 8TH
Casper Ghosts batting - Pitching for Minnesota Loons : RHP Damien Morin
Now at SS: Leonardo Medina
Batting: LHB Ronald Anderson 0-0: Called Strike
0-1: SINGLE (Line Drive, 7LS)
Batting: RHB Armando Pacheco 0-0: Bunted foul
0-1: Bunt missed!
0-2: Ball
1-2: Ball
2-2: Ball
3-2: Foul Ball, location: 2F
3-2: Base on Balls
Ronald Anderson to second
Pitching: LHP Quan Shiu
Batting: LHB Marcus Shill 0-0: Ball
1-0: Fielders Choice at 2nd, 4-6 (Groundball, 4M)
Ronald Anderson to third
Batting: LHB Badry Maksimenov 0-0: Foul Ball, location: 2F
0-1: Ball
1-1: Foul Ball, location: 2F
1-2: Foul Ball, location: 2F
1-2: Ball
2-2: SINGLE (Groundball, 4MD)
Ronald Anderson scores
Marcus Shill to second
Runner from 2nd tries for 3rd, SAFE, no throw
Batting: RHB Jeff Mouton 0-0: Ball
1-0: Ball
2-0: Called Strike
2-1: Foul Ball, location: 2F
2-2: Ball
3-2: Strikes out looking
Batting: RHB Jur Prokop 0-0: Ball
1-0: SINGLE (Line Drive, 4MD)
Marcus Shill scores
Badry Maksimenov to second
Runner from 2nd tries for 3rd, OUT!
Top of the 8th over - 2 runs, 3 hits, 0 errors, 1 left on base; Casper 5 - Minnesota 2
BOTTOM OF THE 8TH
Minnesota Loons batting - Pitching for Casper Ghosts : RHP Roy Bell
Batting: LHB Sergio Cruz 0-0: Ball
1-0: Called Strike
1-1: Ball
2-1: Foul Ball, location: 2F
2-2: Fly out, F9 (Flyball, 9S)
Batting: RHB Raúl Maradona 0-0: Foul Ball, location: 2F
0-1: SINGLE (Groundball, 6MD)
Pitching: RHP Marc Henderson
Batting: RHB Augusto Manuel 0-0: Ball
1-0: DOUBLE (Groundball, 5L)
Raúl Maradona to third
Batting: RHB Tabor Muzquiz 0-0: SINGLE (Groundball, 4MD)
Raúl Maradona scores
Augusto Manuel to third
Runner from 3rd tries for Home, SAFE, no throw
Batting: RHB Curt Allen 0-0: Called Strike
0-1: Called Strike
0-2: Ball
1-2: Ball
2-2: Grounds into double play, 6-4-3 (Groundball, 56)
Bottom of the 8th over - 2 runs, 3 hits, 0 errors, 0 left on base; Casper 5 - Minnesota 4
TOP OF THE 9TH
Casper Ghosts batting - Pitching for Minnesota Loons : LHP Quan Shiu
Batting: RHB Steve Weber 0-0: Called Strike
0-1: Foul Ball, location: 2F
0-2: Ball
1-2: Foul Ball, location: 2F
1-2: Ball
2-2: Foul Ball, location: 2F
2-2: Foul Ball, location: 2F
2-2: SINGLE (Line Drive, 3S)
Pinch Hitting: RHB Adrijan Markovski 0-0: Ball
Steve Weber steals 2nd base
1-0: Intentional Walk
Batting: RHB Tatsui Kiyomizu 0-0: Foul Ball, location: 2F
0-1: Bunt - Flyout - DP at third! 1-3
Batting: LHB Ronald Anderson 0-0: Ball
1-0: Ball
2-0: Called Strike
2-1: Ground out 6-3 (Groundball, 56)
Top of the 9th over - 0 runs, 1 hit, 0 errors, 1 left on base; Casper 5 - Minnesota 4
BOTTOM OF THE 9TH
Minnesota Loons batting - Pitching for Casper Ghosts : RHP Marc Henderson
Now at SS: Vilhelm Loyen
Pinch Hitting: LHB Bill Bean 0-0: Ball
1-0: Ground out 4-3 (Groundball, 4M)
Batting: SHB Esteban Piñeiro 0-0: Ball
1-0: Ball
2-0: Swinging Strike
2-1: Ball
3-1: Foul Ball, location: 2F
3-2: Fly out, F6 (Line Drive, 6M)
Batting: RHB Héctor Espiga 0-0: SINGLE (Groundball, 6M) (infield hit)
Batting: LHB Kevin de Bruyne 0-0: Ball
1-0: Ball
2-0: Swinging Strike
2-1: Foul Ball, location: 2F
2-2: Ground out 1-3 (Groundball, 15S)
Bottom of the 9th over - 0 runs, 1 hit, 0 errors, 1 left on base; Casper 5 - Minnesota 4
Friday, March 29th, 2019 - OOTP Baseball 18.8 Build 76